 Dungeon Crawl Stone Soup version 0.30.0 (webtiles) character file.

Game seed: 5549549828544666945

110 GeoRichter the Conjurer (level 4, 0/12 (26) HPs)
             Began as a Tengu Reaver on May 6, 2023.
             Slain by a sleepcap (7 damage)
             ... on level 4 of the Dungeon.
             The game lasted 00:05:22 (2504 turns).

GeoRichter the Conjurer (Tengu Reaver)              Turns: 2504, Time: 00:05:22

HP:   0/12 (26)     AC:  3    Str: 12    XL:     4   Next: 91%
MP:   8/8           EV: 11    Int: 16    God:
Gold: 103           SH:  0    Dex: 12    Spells: 4/7 levels left

rFire   . . .        a - +0 spear
rCold   + . .        (no shield)
rNeg    . . .        b - +0 leather armour
rPois   +            (helmet restricted)
rElec   .            (no cloak)
rCorr   .            (no gloves)
SInv    .            (boots unavailable)
Will    .....        p - amulet of magic regeneration
Stlth   ++           n - ring of poison resistance
HPRegen 0.22/turn    f - ring of protection from cold
MPRegen 0.51/turn

%: no passive effects
@: extremely drained
A: beak, talons 3
a: no special abilities


You were on level 4 of the Dungeon.
You visited 1 branch of the dungeon, and saw 4 of its levels.

You collected 103 gold pieces.

Inventory:

Hand Weapons
 a - a +0 spear (weapon)
Missiles
 r - 5 javelins (quivered)
Armour
 b - a +0 leather armour (worn)
Jewellery
 f - a ring of protection from cold (right hand)
 n - a ring of poison resistance (left hand)
 p - an amulet of magic regeneration (around neck)
 s - a +6 ring of intelligence
Wands
 o - a wand of roots (8)
Scrolls
 d - 2 scrolls of noise {unknown}
 e - 3 scrolls of teleportation {unknown}
 j - a scroll of vulnerability {unknown}
 l - 2 scrolls of fear {unknown}
 m - 3 scrolls of identify {unknown}
 q - a scroll of fog {unknown}
 v - a scroll of acquirement {unknown}
Potions
 c - a potion of curing {unknown}
 g - a potion of resistance {unknown}
 h - 2 potions of berserk rage {unknown}
 i - a potion of mutation {unknown}
 k - 2 potions of attraction {unknown}
 t - a potion of haste {unknown}
 u - a potion of might {unknown}
 w - a potion of lignification {unknown}


   Skills:
 - Level 2.0 Fighting
 - Level 3.2 Polearms
 - Level 2.1 Dodging
 - Level 3.0 Stealth
 + Level 2.2 Spellcasting
 * Level 5.8 Conjurations


You had 4 spell levels left.
You knew the following spells:

 Your Spells              Type           Power      Damage    Failure   Level
a - Kiss of Death         Conj/Necr      44%        2d8       8%          1
b - Momentum Strike       Conj/Tloc      22%        3d8       12%         2

Your spell library contained the following spells:

 Spells                   Type           Power      Damage    Failure   Level
 Hailstorm                Conj/Ice       11%        3d5       24%         3
 Inner Flame              Hex/Fire       1%         N/A       61%         3
 Yara's Violent Unravell  Hex/Tmut       0%         3d3       100%        5
 Enfeeble                 Hex            0%         N/A       100%        7


Dungeon Overview and Level Annotations

Branches:
Dungeon (4/15)
 Temple: D:4-7

Altars:
Makhleb
Zin


Innate Abilities, Weirdness & Mutations

You have a beak for a mouth.
You have claws for feet.


Message History

You feel drained. The iguana barely misses you. The hobgoblin hits you.
The sleepcap misses you.
Casting: Kiss of Death (safe; 9% risk of failure)
Confirm with . or Enter, or press ? or * to list all spells.
Aiming: Kiss of Death (safe; 9% risk of failure)
Press: ? - help, Shift-Dir - straight line, f/p - iguana
Aim: an iguana (almost dead, heavily drained, 100% to hit)
The negative energy hits the iguana!
The iguana is drained!
You kill the iguana!
You feel drained. The hobgoblin closely misses you.
The sleepcap releases spores at you but does no damage.
Casting: Kiss of Death (safe; 8% risk of failure)
Confirm with . or Enter, or press ? or * to list all spells.
Aiming: Kiss of Death (safe; 8% risk of failure)
Press: ? - help, Shift-Dir - straight line, f - sleepcap
Aim: a sleepcap (100% to hit)
Okay, then.
You hit the hobgoblin but do no damage. You claw the hobgoblin.
You kill the hobgoblin!
The sleepcap closely misses you.
You hit the sleepcap. You claw the sleepcap.
The sleepcap is lightly damaged.
The sleepcap barely misses you.
You hit the sleepcap but do no damage. You peck the sleepcap.
The sleepcap is moderately damaged.
The sleepcap closely misses you.
You hit the sleepcap.
The sleepcap is moderately damaged.
The sleepcap closely misses you.
You hit the sleepcap but do no damage. You claw the sleepcap.
The sleepcap is heavily damaged.
The sleepcap releases spores at you.
You hit the sleepcap. You peck the sleepcap. You punch the sleepcap.
The sleepcap is severely damaged.
The sleepcap releases spores at you.
You hit the sleepcap.
The sleepcap is almost destroyed.
The sleepcap releases spores at you!
Ouch! That really hurt!
You die...

.....## #.. ##
^..............# #.###..
...............# #......
...............###......
...............#........
...............#........
.............#.#........
......<......#>....#####
.......@.(.....#.......#
......f........#.#####.#
.##....#.......#.....#.#
###..##......#####.#.#
............# #..
######.##.#### ### #.
#.# #.###### #. ..#
#....... ## ### #.#####.


You could see a sleepcap.

Vanquished Creatures
  An iguana (D:4)
  An adder (D:3)
  2 dart slugs
  5 orcs (D:3)
  3 ball pythons
  4 bats
  5 endoplasms
  6 giant cockroaches
  6 goblins
  A hobgoblin (D:4)
  7 jackals
  3 kobolds
  2 quokkas
  7 frilled lizards
  5 rats
58 creatures vanquished.

Vanquished Creatures (others)
  7 plants (D:3)
7 creatures vanquished.

Grand Total: 65 creatures vanquished

Notes
Turn   | Place    | Note
-------+----------+-------------------------------------------
     0 | D:1      | GeoRichter the Tengu Reaver began the quest for the Orb.
     0 | D:1      | Reached XP level 1. HP: 12/12 MP: 4/4
    96 | D:1      | Reached skill level 1 in Stealth
   149 | D:1      | Reached XP level 2. HP: 17/17 MP: 6/6
  1041 | D:2      | Reached XP level 3. HP: 16/21 MP: 7/7
  1644 | D:3      | Learned a level 2 spell: Momentum Strike
  1787 | D:3      | Found a burning altar of Makhleb.
  1866 | D:3      | Reached XP level 4. HP: 26/26 MP: 8/8
  1999 | D:3      | Found a glowing silver altar of Zin.
  2029 | D:3      | Reached skill level 5 in Conjurations
  2504 | D:4      | Slain by a sleepcap

Illustrated notes

Levels and vault maps discovered:
D:1:      dpeg_arrival_prison, layout_loops_corners, minmay_pentomino_p2
D:2:      kb_forest_paths, layout_rooms, grunt_ministairs_6,
          minmay_misc_feat_five
D:3:      layout_rooms, zin_statuary, mainiacjoe_overflow_brackets,
          serial_bayou, serial_bayou_lagoon_a, serial_bayou_shore_b,
          serial_bayou_shore_a, serial_bayou_lake_a
D:4:      layout_basic, nicolae_ashenzari_panopticon,
          minmay_temple_entry_proselytizer, serial_glass, glass_columns_b,
          glass_columns_b, feat_on_display

Skill      XL: |  1  2  3  4 |
---------------+-------------+-----
Stealth        | 1 2 3 |  3.0
Conjurations   | 5 |  5.8
Fighting       | |  2.0
Polearms       | |  3.2
Dodging        | |  2.1
Spellcasting   | |  2.2

Action                     |  1- 3 |  4- 6 || total
---------------------------+-------+-------++-------
  Melee: Spear             |   109 |    47 ||   156
         Kick              |    17 |    13 ||    30
         Peck              |    11 |     9 ||    20
         Punch             |       |     1 ||     1
  Throw: Javelin           |       |     2 ||     2
   Cast: Kiss of Death     |       |     4 ||     4
   Stab: Sleeping          |    11 |     1 ||    12
         Distracted        |     1 |     1 ||     2
 Armour: Leather armour    |    20 |     8 ||    28
  Dodge: Dodged            |    46 |    26 ||    72
